 Dungeon Crawl Stone Soup version 0.30-a0-702-gdf48620a09 (webtiles) character file.

Game seed: 9117092604930748235

84 testman the Ruffian (level 4, 0/37 HPs)
             Began as a Draconian Transmuter on Jan 22, 2023.
             Was an Initiate of Nemelex Xobeh.
             Slain by an orc
             ... wielding a +0 hand axe
              (1 damage)
             ... on level 3 of the Dungeon.
             The game lasted 00:06:10 (1795 turns).

testman the Ruffian (Draconian Transmuter)          Turns: 1795, Time: 00:06:10

Health: 0/37       AC:  6    Str: 12    XL:     4   Next: 23%
Magic:  7/8        EV: 12    Int: 16    God:    Nemelex Xobeh [......]
Gold:   81         SH:  0    Dex: 11    Spells: 2/8 levels left

rFire   . . .      SeeInvis .    c - +0 dagger
rCold   . . .      Faith    .    (no shield)
rNeg    + . .      Spirit   .    (body armour unavailable)
rPois   .          Reflect  .    (helmet restricted)
rElec   .          Harm     .    (no cloak)
rCorr   .          Rampage  .    (no gloves)
Will    .....                    n - +0 pair of boots
Stlth   +                        e - amulet of regeneration
HPRegen 1.06/turn                o - ring of positive energy
MPRegen 0.11/turn                (no ring)

@: no status effects
A: AC +5, unfitting armour, cold-blooded
a: Renounce Religion, Draw Escape, Draw Destruction, Draw Summoning


You were on level 3 of the Dungeon.
You worshipped Nemelex Xobeh.
Nemelex Xobeh was noncommittal.
You visited 1 branch of the dungeon, and saw 3 of its levels.

You collected 81 gold pieces.

Inventory:

Hand Weapons
 c - a +0 dagger (weapon)
Missiles
 k - 3 atropa-tipped darts
Armour
 n - a +0 pair of boots (worn)
Jewellery
 d - an amulet of guardian spirit
 e - an amulet of regeneration (around neck)
 o - a ring of positive energy (left hand)
Scrolls
 f - 5 scrolls of teleportation {unknown}
 g - a scroll of enchant weapon {unknown}
 h - a scroll of blinking {unknown}
 i - a scroll of acquirement {unknown}
 j - 2 scrolls of poison {unknown}
 l - a scroll of amnesia {unknown}
 q - a scroll of fear {unknown}
Potions
 a - a potion of lignification
 b - 2 potions of might {unknown}
 m - a potion of attraction {unknown}
 p - a potion of curing {unknown}


   Skills:
 + Level 2.4 Fighting
 - Level 1.7 Dodging
 - Level 3.1 Unarmed Combat
 + Level 2.6 Spellcasting
 + Level 2.8 Transmutations
 + Level 0.9 Poison Magic
 + Level 1.0 Invocations


You had 2 spell levels left.
You knew the following spells:

 Your Spells              Type           Power      Damage    Failure   Level
a - Beastly Appendage     Tmut           22%        N/A       6%          1
b - Wereblood             Tmut           11%        N/A       10%         2
c - Spider Form           Tmut/Pois      8%         N/A       26%         3

Your spell library contained the following spells:

 Spells                   Type           Power      Damage    Failure   Level
 Scorch                   Fire           4%         2d5       28%         2
 Static Discharge         Conj/Air       4%         2-3/arc   28%         2
 Vhi's Electric Charge    Tloc/Air       4%         N/A       50%         3
 Ice Form                 Ice/Tmut       6%         N/A       73%         4
 Flame Wave               Conj/Fire      2%         2d4       88%         4
 Arcjolt                  Conj/Air       1%         1d11      99%         5
 Lightning Bolt           Conj/Air       1%         1d12      99%         5
 Summon Cactus Giant      Summ           1%         N/A       100%        6


Dungeon Overview and Level Annotations

Branches:
Dungeon (3/15)

Altars:
Nemelex Xobeh

Shops:
D:1 :


Innate Abilities, Weirdness & Mutations

Your plain brown scales are hard. (AC +5)
You cannot fit into any form of body armour.
You are cold-blooded and may be slowed by cold attacks.


Message History

The orc priest hits you with a +0 short sword.
A worm comes into view.
The orc hits you with a +0 hand axe.
You hit the orc priest but do no damage.
The orc priest hits you but does no damage.
The orc closely misses you.
You barely miss the orc priest.
The orc priest hits you with a +0 short sword.
The orc hits you with a +0 hand axe.
The orc priest looks satisfied for a moment.
You hit the orc priest but do no damage.
The orc priest hits you with a +0 short sword.
The orc hits you but does no damage.
An orc comes into view. It is wielding a +0 mace.
You closely miss the orc priest. The orc priest barely misses you.
The orc hits you with a +0 hand axe.
You hit the orc priest but do no damage.
The orc priest calls down the wrath of Beogh upon you.
Beogh smites you! The orc hits you with a +0 hand axe.
* * * LOW HITPOINT WARNING * * *
Okay, then.
The orc priest attacks as you move away!
The orc priest hits you but does no damage.
The orc attacks as you move away! The orc hits you with a +0 hand axe.
* * * LOW HITPOINT WARNING * * *
Items here: ! )) †.
You hit the orc priest but do no damage.
You punch the orc priest.
The orc priest is moderately wounded.
The orc priest closely misses you.
You hit the orc priest.
Your tail-slap misses the orc priest.
The orc priest is heavily wounded.
You barely miss the orc priest.
The orc priest is heavily wounded.
The orc priest invokes the aid of Beogh against you.
Beogh smites you!
* * * LOW HITPOINT WARNING * * *
The orc hits you with a +0 hand axe.
You die...
Your body disappears without a glow.

#.........# #..# # ##
#.........###..### #.#..
.................. #....
#w........##.#.### ......
#ho.......##.#.#
......##g........##.#.#
......†o##########....#
......#o## #....#
......#o@## #....#
....b.##..# #....#
......###.########....###
................##.......
................#........
.....!.........#........
###...........#........
#....................
#...........#...#....


You could see an orc priest and 2 orcs.

Vanquished Creatures
  A hound (D:3)
  A dart slug (D:1)
  4 orcs (D:3)
  7 endoplasms
  4 giant cockroaches
  4 goblins
  2 hobgoblins (D:2)
  3 jackals (D:3)
  5 ball pythons
  3 bats
  A frilled lizard (D:1)
  3 kobolds
  2 rats (D:1)
40 creatures vanquished.

Notes
Turn   | Place    | Note
-------+----------+-------------------------------------------
     0 | D:1      | testman the Draconian Transmuter began the quest for the
                  | Orb.
     0 | D:1      | Reached XP level 1. HP: 16/16 MP: 3/3
   431 | D:1      | Found Yddut's Book Shoppe.
   705 | D:1      | Reached XP level 2. HP: 20/23 MP: 3/5
   709 | D:1      | Learned a level 2 spell: Wereblood
  1213 | D:2      | Found a sparkling altar of Nemelex Xobeh.
  1223 | D:2      | Became a worshipper of Nemelex Xobeh the Trickster
  1358 | D:2      | Reached XP level 3. HP: 29/29 MP: 6/6
  1365 | D:2      | Learned a level 3 spell: Spider Form
  1701 | D:3      | Reached XP level 4. HP: 36/36 MP: 3/7
  1771 | D:3      | Reached skill level 1 in Invocations
  1795 | D:3      | HP: 1/37 [orc priest/divine providence (11)]
  1795 | D:3      | Slain by an orc

Illustrated notes

Levels and vault maps discovered:
D:1:      minmay_arrival_jagged, layout_loops_corners, serial_shops, shop,
          minivault_26
D:2:      layout_loops_ring, basic_altar, feat_on_display
D:3:      layout_basic, dk_vineyard_3, uniq_ijyb

Skill      XL: |  1  2  3  4 |
---------------+-------------+-----
Fighting       | 2 |  2.4
Invocations    | 1 |  1.0
Dodging        | |  1.7
Unarmed Combat | |  3.1
Spellcasting   | |  2.6
Transmutations | |  2.8
Poison Magic   | |  0.9

Action                   |  1- 3 |  4- 6 || total
-------------------------+-------+-------++-------
Melee: Dagger            |   102 |    32 ||   134
       Headbutt          |    10 |     1 ||    11
       Tailslap          |    10 |     2 ||    12
       Kick              |    11 |     5 ||    16
       Punch             |     3 |     1 ||     4
 Cast: Beastly Appendage |    13 |     1 ||    14
       Wereblood         |     1 |     1 ||     2
 Stab: Sleeping          |     2 |       ||     2
Armor: Skin              |    28 |    24 ||    52
Dodge: Dodged            |    66 |    36 ||   102

Table legend: (Time is in decaauts)
 A = Elapsed time spent in this place.
 B = Non-inter-level travel time spent in this place.
 C = Inter-level travel time spent in this place.
 D = Time resting spent in this place.
 E = Time spent auto-exploring this place.
 F = Levels seen in this place.
 G = Mean time per level.
                   A        B        C        D        E       F      G
               +--------+--------+--------+--------+--------+-----+--------+
         Total |   1799 |   1721 |     78 |      0 |   1381 |   3 |  599.7 |
       Dungeon |   1799 |   1721 |     78 |      0 |   1381 |   3 |  599.7 |
               +--------+--------+--------+--------+--------+-----+--------+

Top non-repeatable levels by time:
     D:1: 976 daAuts
     D:2: 649 daAuts
     D:3: 173 daAuts
